 Dungeon Crawl Stone Soup version 0.29-a0-1030-gf5f8719cae (webtiles) character file.

Game seed: 9804381459937687174

102 RepoMan the Trooper (level 4, -2/49 HPs)
             Began as an Ogre Hunter on Aug 14, 2022.
             Was a Plaything of Xom.
             Slain by Natasha (5 damage)
             ... on level 3 of the Dungeon.
             The game lasted 00:09:37 (2708 turns).

RepoMan the Trooper (Ogre Hunter)                   Turns: 2708, Time: 00:09:38

Health: -2/49      AC:  3    Str: 14 (17) XL:     4   Next: 77%
Magic:  4/4        EV:  9    Int:  8 (10) God:    Xom [..*...]
Gold:   93         SH:  0    Dex:  9 (12) Spells: 3/3 levels left

rFire   + . .      SeeInvis .     - Unarmed
rCold   + + .      Faith    .   (no shield)
rNeg    . . .      Spirit   .   m - +0 robe {Will+}
rPois   +          Reflect  .   (helmet restricted)
rElec   +          Harm     .   (no cloak)
rCorr   +          Rampage  .   (gloves unavailable)
Will    +....                   (boots unavailable)
Stlth   +.........              (no amulet)
HPRegen 0.16/turn               e - ring of protection from cold
MPRegen 0.09/turn               (no ring)

@: resistant
A: large, unfitting armour, tough skin 1
a: Renounce Religion


You were on level 3 of the Dungeon.
You worshipped Xom.
You were a toy of Xom.
You visited 1 branch of the dungeon, and saw 3 of its levels.

You collected 93 gold pieces.

Inventory:

Hand Weapons
 b - a +1 quarterstaff
 n - the +5 war axe of the Magic Mushroom {antimagic, rF++ rC- Will+ rCorr}
   (You found it on level 3 of the Dungeon)

   It reduces the magical energy of the wielder, and disrupts the spells and
   magical abilities of those it strikes.
   Natural abilities and divine invocations are not affected.
   rF:        It greatly protects you from fire.
   rC:        It makes you vulnerable to cold.
   rCorr:     It protects you from acid and corrosion.
   Will:      It increases your willpower.
Armour
 k - a scarf of invisibility
 m - a +0 robe of willpower (worn)
Magical Staves
 g - a staff of poison
Jewellery
 e - a ring of protection from cold (left hand)
 o - a ring of ice
Scrolls
 a - 6 scrolls of enchant weapon
 d - 3 scrolls of butterflies
Potions
 c - a potion of haste
 j - 2 potions of degeneration


   Skills:
 + Level 4.4 Fighting
 * Level 3.2 Throwing
 - Level 1.7 Dodging
 - Level 0.6 Stealth
 - Level 3.6 Unarmed Combat


You had 3 spell levels left.
You didn't know any spells.
Your spell library was empty.

Dungeon Overview and Level Annotations

Branches:
Dungeon (3/15)

Altars:
Sif Muna
Wu Jian
Xom

Shops:
D:1 ?

Annotations:
D:1 1 runed translucent door
D:2 1 runed translucent door, Crazy Yiuf
D:3 Natasha


Innate Abilities, Weirdness & Mutations

You are too large for most types of armour.
You have tough skin. (AC +1)


Message History

Natasha casts a spell at you. The magic dart hits you!
* * * LOW HITPOINT WARNING * * *
Unknown command.
It was a potion of haste.
You feel yourself speed up.
Xom is mildly amused.
The shadow imp gestures at you. You resist with some effort.
Natasha wildly gestures.
You feel disoriented. Natasha claws you!
* * * LOW HITPOINT WARNING * * *
It was a potion of degeneration.
There was something very wrong with that liquid.
You feel weakened.
You feel dopey.
You feel clumsy.
Xom is amused.
Xom thinks this is hilarious!
The shadow imp barely misses you.
Natasha casts a spell.
It was a potion of cancellation.
Your magical effects are unravelling.
You feel magically purged.
You feel yourself slow down. The shadow imp hits you.
* * * LOW HITPOINT WARNING * * *
It was a potion of resistance.
You feel protected.
Natasha extends her claws.
Natasha claws you but does no damage. The shadow imp closely misses you.
As you read the scroll labelled KISUWU DAKUTE, it crumbles to dust.
It is a scroll of enchant weapon.
Your +0 quarterstaff glows red for a moment.
Natasha closely misses you. The white imp gestures at you.
The puff of frost misses you.
The shadow imp hits you but does no damage.
As you read the scroll labelled YZE KONTYGROW, it crumbles to dust.
You hear the tinkle of a tiny bell.
It was a scroll of butterflies.
Natasha claws you.
You die...
Xom is highly amused!

...........#####........###
#...........#...........# #
#.............###.......# #
#..........##..[........# #
#..........#............###
##........##...............
.###.....bbbb.####..........
.. ######bh5## #........##
#. #b5@# #.......### .... #.
##bb## ..#.......# .....#.
###.bb##### #..#####..
.....#> #......[.... # ##.
.....#.####.#...###### ##.
.......†)........# #..
...........##..#.# ####.#
#####......#..##.# ##....#
#....#.#.###.# #..####


You could see Natasha (ally target), a white imp (summoned, ally target) and a
shadow imp (summoned, ally target).

Vanquished Creatures
  Jessica (D:3)
  Natasha (D:3)
  An adder (D:3)
  An orc (D:3)
  5 bats
  A giant cockroach (D:1)
  2 hobgoblins (D:1)
  6 kobolds
  3 quokkas
  3 ball pythons
  6 frilled lizards
  6 goblins
  5 rats
41 creatures vanquished.

Notes
Turn   | Place    | Note
-------+----------+-------------------------------------------
     0 | D:1      | RepoMan the Ogre Hunter began the quest for the Orb.
     0 | D:1      | Reached XP level 1. HP: 22/22 MP: 1/1
     0 | D:1      | Noticed a jelly
     1 | D:1      | Found a runed translucent door.
    56 | D:1      | Reached skill level 3 in Fighting
   119 | D:1      | Found Peddiudgh's Magic Scroll Shop.
   145 | D:1      | Reached XP level 2. HP: 24/31 MP: 2/2
   345 | D:1      | Reached skill level 1 in Throwing
   926 | D:1      | Found a faded altar of an unknown god.
  1273 | D:2      | Reached XP level 3. HP: 37/37 MP: 3/3
  1897 | D:2      | Found a shimmering altar of Xom.
  1902 | D:2      | Became a worshipper of Xom of Chaos
  1989 | D:2      | Found a runed translucent door.
  1990 | D:2      | Noticed Crazy Yiuf
  2422 | D:3      | Found a shimmering blue altar of Sif Muna.
  2459 | D:3      | Noticed Natasha
  2463 | D:3      | Killed Natasha
  2464 | D:3      | Reached skill level 4 in Fighting
  2464 | D:3      | Reached XP level 4. HP: 37/48 MP: 4/4
  2470 | D:3      | Found an ornate altar of the Wu Jian Council.
  2470 | D:3      | Noticed Jessica
  2474 | D:3      | Killed Jessica
  2486 | D:3      | Identified the +5 war axe of the Magic Mushroom {antimagic,
                  | rF++ rC- Will+ rCorr}
  2690 | D:3      | Noticed Natasha
  2705 | D:3      | HP: 2/49 [shadow imp[Natasha] (4)]
  2708 | D:3      | Slain by Natasha

Illustrated notes

Levels and vault maps discovered:
D:1:      dpeg_arrival_caged_fury, layout_basic, serial_shops,
          nicolae_shop_statue_plus, ebering_ecumenical_altar_mist,
          interstate_on_off, minmay_misc_feat_alley, minmay_shallow_snake_nest
D:2:      layout_loops_corners, basic_altar, uniq_crazy_yiuf_cottage
D:3:      layout_rooms, nicolae_wu_jian_glorious_leap,
          mainiacjoe_overflow_surrounded_room, uniq_natasha, uniq_jessica

Skill      XL: |  1  2  3  4 |
---------------+-------------+-----
Fighting       | 3 4 |  4.4
Throwing       | 1 2 3 |  3.2
Dodging        | |  1.7
Stealth        | |  0.6
Unarmed Combat | |  3.6

Action                   |  1- 3 |  4- 6 || total
-------------------------+-------+-------++-------
Melee: Unarmed           |   104 |    18 ||   122
       Quarterstaff      |    11 |       ||    11
Throw: Stone             |    17 |     2 ||    19
       Dart              |     1 |     4 ||     5
  Use: Potion            |       |     4 ||     4
       Scroll            |       |     2 ||     2
 Stab: Sleeping          |     2 |       ||     2
Armor: Skin              |    25 |       ||    25
       Robe              |       |     6 ||     6
Dodge: Dodged            |    55 |    11 ||    66

Table legend: (Time is in decaauts)
 A = Elapsed time spent in this place.
 B = Non-inter-level travel time spent in this place.
 C = Inter-level travel time spent in this place.
 D = Time resting spent in this place.
 E = Time spent auto-exploring this place.
 F = Levels seen in this place.
 G = Mean time per level.
                   A        B        C        D        E       F      G
               +--------+--------+--------+--------+--------+-----+--------+
         Total |   2700 |   2669 |     31 |    453 |   1633 |   3 |  900.0 |
       Dungeon |   2700 |   2669 |     31 |    453 |   1633 |   3 |  900.0 |
               +--------+--------+--------+--------+--------+-----+--------+

Top non-repeatable levels by time:
     D:1: 1166 daAuts
     D:2: 1135 daAuts
     D:3: 399 daAuts
